 Dungeon Crawl Stone Soup version 0.19-a0-1732-g0b18a7b (webtiles) character file.

72 Amnesiac the Digger (level 4, 0/24 HPs)
             Began as a Deep Elf Earth Elementalist on Sept 30, 2016.
             Slain by a goblin
             ... wielding a +0 dagger
             ... led by Robin
              (4 damage)
             ... on level 3 of the Dungeon.
             The game lasted 00:01:34 (726 turns).

Amnesiac the Digger (Deep Elf Earth Elementalist)    Turns: 726, Time: 00:01:34

Health: 0/24       AC:  2    Str:  5    XL:     4   Next: 6%
Magic:  0/12       EV: 13    Int: 21    God:
Gold:   53         SH:  0    Dex: 15    Spells: 3 memorised, 5 levels left

rFire  . . .     SeeInvis .     b - 58 stones
rCold  . . .     Gourm    .     c - +0 robe
rNeg   . . .     Faith    .     (no shield)
rPois  .         Spirit   .     (no helmet)
rElec  .         Dismiss  .     (no cloak)
rCorr  .         Reflect  .     (no gloves)
MR     .....     Harm     .     (no boots)
Stlth  ++........               (no amulet)
                                (no ring)
                                (no ring)

@: no status effects
A: no striking features
a: no special abilities


You were on level 3 of the Dungeon.
You were not hungry.

You visited 1 branch of the dungeon, and saw 3 of its levels.

You collected 53 gold pieces.

Inventory:

Missiles
 b - 58 stones (in hand)
Armour
 c - a +0 robe (worn)
Scrolls
 a - a scroll of blinking {unknown}
 g - a scroll of immolation {unknown}
 h - a scroll of recharging {unknown}
 i - a scroll of fear {unknown}
 l - a scroll of enchant armour {unknown}
Potions
 k - a potion of agility {unknown}
Books
 e - a book of Geomancy

   Spells                             Type                      Level
   a - Sandblast                      Earth                        1
   b - Passwall                       Transmutation/Earth          2
   c - Stone Arrow                    Conjuration/Earth            3
   d - Petrify                        Transmutation/Earth          4
   e - Lee's Rapid Deconstruction     Earth                        5
Comestibles
 d - a bread ration
 f - a beef jerky
 j - 5 chunks of flesh


   Skills:
 - Level 2.4 Dodging
 - Level 2.4 Stealth
 + Level 4.2 Spellcasting
 - Level 1.1 Transmutations
 * Level 4.8 Earth Magic


You had 5 spell levels left.
You knew the following spells:

 Your Spells              Type           Power        Failure   Level  Hunger
a - Stone Arrow           Conj/Erth      ##....       17%         3    ###....
v - Passwall              Tmut/Erth      ###.......   6%          2    #......
z - Sandblast             Erth           ###...       1%          1    None


Dungeon Overview and Level Annotations

Branches:
Dungeon (3/15)

Altars:

Annotations:
D:3 Sigmund


Message History

Casting: Sandblast
Confirm with . or Enter, or press ? or * to list all spells.
Aiming: Sandblast
Press: ? - help, Shift-Dir - straight line, f - goblin
Aim: a goblin The rocky blast hits the goblin.
You kill the goblin!
The goblin shoots a stone.
The stone hits you but does no damage.
Unknown command.
The goblin shoots a stone.
The stone hits you.
* * * LOW HITPOINT WARNING * * *
You see here a stone.
You start resting.
The goblin shoots a stone.
The stone misses you.
You see here a stone.
Unknown command.
The goblin unwields an uncursed hunting sling.
The goblin wields an uncursed dagger.
The goblin hits you with an uncursed dagger.
You die...

#.........<.....##
#.........)......#
#..(..............#
#...†...............
#..................#
#...................
#(.....(..........#.
#.(...............#
###@##..........#..
#...g...########
#......(# #.....((#
#...)##### ##.#..#
#.# #..#.(###.# #.
##.#..)##..####...
#.....)...........


You could see a goblin.

Vanquished Creatures
  Robin (D:3)
  3 adders
  A dart slug (D:1)
  A leopard gecko (D:3)
  A bat (D:2)
  2 giant cockroaches
  9 goblins
  3 hobgoblins
  5 jackals
  2 frilled lizards
  A kobold (D:3)
29 creatures vanquished.

Notes
Turn   | Place    | Note
-------+----------+-------------------------------------------
     0 | D:1      | Amnesiac the Deep Elf Earth Elementalist began the quest for the Orb.
     0 | D:1      | Reached XP level 1. HP: 10/10 MP: 6/6
   273 | D:2      | Reached XP level 2. HP: 6/15 MP: 2/8
   559 | D:3      | Noticed Sigmund
   560 | D:3      | Noticed Robin
   613 | D:3      | Reached XP level 3. HP: 19/19 MP: 7/10
   617 | D:3      | Learned a level 2 spell: Passwall
   621 | D:3      | Learned a level 3 spell: Stone Arrow
   706 | D:3      | Killed Robin
   706 | D:3      | Reached XP level 4. HP: 24/24 MP: 1/12
   726 | D:3      | Slain by a goblin

Vault maps used:
D:1:      dpeg_arrival_court
D:2:      lemuel_doored_altar, uniq_natasha, uniq_terence
D:3:      gammafunk_temple_overflow_elements, uniq_sigmund, uniq_robin

Skill      XL: |  1  2  3 |
---------------+----------+-----
Earth Magic    | 4 |  4.8
Spellcasting   | 4 |  4.2
Dodging        | |  2.4
Stealth        | |  2.4
Transmutations | |  1.1

Action                   |  1- 3 |  4- 6 || total
-------------------------+-------+-------++-------
Melee: Unarmed           |     1 |       ||     1
 Cast: Sandblast         |    48 |     4 ||    52
Armor: Robe              |     5 |     1 ||     6
Dodge: Dodged            |    15 |     4 ||    19
